APP
GREAT FALLS VOYAGERS @ BLUEFIELD BLUE JAYS
07/01/2048
 
TOP OF THE 1ST
Great Falls Voyagers batting - Pitching for Bluefield Blue Jays : RHP Shalom Diender
Pitching: RHP Shalom Diender
Batting: RHB Andy Cotton 0-0: Called Strike
0-1: Foul Ball, location: 2F
0-2: Foul Ball, location: 2F
0-2: Strikes out swinging
Batting: RHB Russ Cornett 0-0: SOLO HOME RUN (Flyball, 8LXD, EV 112.5 MPH), Distance : 452 ft
Batting: SHB Rob Haney 0-0: Fly out, F7 (Flyball, 7, EV 91.9 MPH)
Batting: RHB Mitch Cuadros 0-0: Ball
1-0: Ball
2-0: Ball
3-0: Called Strike
3-1: Called Strike
3-2: SINGLE (Groundball, 56D, EV 101.9 MPH)
Batting: RHB Tommy Ellington 0-0: Ball
1-0: Swinging Strike
1-1: Ball
2-1: Reached on error, E4 (Groundball, 4, EV 101.9 MPH)
Mitch Cuadros to second
Batting: RHB Francisco Marin 0-0: Ball
1-0: Ball
2-0: Ball
3-0: Called Strike
3-1: Base on Balls
Mitch Cuadros to third
Tommy Ellington to second
Batting: RHB David Laureano 0-0: SINGLE (Groundball, 6MD, EV 98.1 MPH)
Mitch Cuadros scores
Tommy Ellington to third
Francisco Marin to second
Runner from 3rd tries for Home, SAFE, throw by CF to home
Batting: LHB Jose Pereyra 0-0: DOUBLE (Flyball, 78XD, EV 110.0 MPH)
Francisco Marin scores
David Laureano to third
Batting: RHB Enrique Gomez 0-0: Ball
1-0: Called Strike
1-1: Swinging Strike
1-2: Strikes out looking
Top of the 1st over - 4 runs, 4 hits, 1 error, 2 left on base; Great Falls 4 - Bluefield 0
BOTTOM OF THE 1ST
Bluefield Blue Jays batting - Pitching for Great Falls Voyagers : LHP Jose Herrera
Pitching: LHP Jose Herrera
Batting: RHB Manny Elizondo 0-0: Ball
1-0: Ground out 6-3 (Groundball, 6S, EV 81.2 MPH)
Batting: RHB Terry Plumley 0-0: Called Strike
0-1: Ball
1-1: Ball
2-1: Called Strike
2-2: Ball
3-2: Base on Balls
Batting: LHB Nate Greening 0-0: Ball
1-0: Ball
2-0: Ball
3-0: Called Strike
3-1: Foul Ball, location: 2F
3-2: Base on Balls
Terry Plumley to second
Batting: RHB Mark Noftall 0-0: Swinging Strike
0-1: Ball
1-1: Ball
2-1: Swinging Strike
2-2: Foul Ball, location: 2F
2-2: Grounds into double play, 4-6-3 (Groundball, 4S, EV 84.4 MPH)
Bottom of the 1st over - 0 runs, 0 hits, 0 errors, 1 left on base; Great Falls 4 - Bluefield 0
TOP OF THE 2ND
Great Falls Voyagers batting - Pitching for Bluefield Blue Jays : RHP Shalom Diender
Batting: RHB Andy Cotton 0-0: Ball
1-0: Ball
2-0: Called Strike
2-1: Fly out, F7 (Flyball, 7D, EV 104.4 MPH)
Batting: RHB Russ Cornett 0-0: Called Strike
0-1: Fly out, F6 (Popup, 6MD, EV 46.9 MPH)
Batting: SHB Rob Haney 0-0: DOUBLE (Line Drive, 9LM, EV 110.6 MPH)
Batting: RHB Mitch Cuadros 0-0: Called Strike
0-1: Ball
1-1: Fly out, F8 (Flyball, 8RM, EV 89.4 MPH)
Top of the 2nd over - 0 runs, 1 hit, 0 errors, 1 left on base; Great Falls 4 - Bluefield 0
BOTTOM OF THE 2ND
Bluefield Blue Jays batting - Pitching for Great Falls Voyagers : LHP Jose Herrera
Batting: RHB Akira Kubo 0-0: Called Strike
0-1: Ball
1-1: Ball
2-1: Called Strike
2-2: DOUBLE (Flyball, 78XD, EV 92.5 MPH)
Batting: RHB Jake Bronner 0-0: Called Strike
0-1: Called Strike
0-2: SINGLE (Groundball, 4MD, EV 101.9 MPH)
Akira Kubo to third
Runner from 3rd tries for Home, throw by CF and OUT! 8-2
Batting: RHB David Gamez 0-0: Grounds into double play, 5-4-3 (Groundball, 5L, EV 103.1 MPH)
Bottom of the 2nd over - 0 runs, 2 hits, 0 errors, 0 left on base; Great Falls 4 - Bluefield 0
TOP OF THE 3RD
Great Falls Voyagers batting - Pitching for Bluefield Blue Jays : RHP Shalom Diender
Batting: RHB Tommy Ellington 0-0: Called Strike
0-1: Ball
1-1: Ball
2-1: DOUBLE (Line Drive, 8RXD, EV 104.4 MPH)
Batting: RHB Francisco Marin 0-0: Called Strike
0-1: Ball
1-1: Ball
2-1: Ball
3-1: Fly out, F7 (Line Drive, 7D, EV 100.0 MPH)
Runner from 2nd tags up, SAFE at 3rd, no throw by LF
Batting: RHB David Laureano 0-0: Ball
1-0: Foul Ball, location: 2F
1-1: Swinging Strike
1-2: Ball
2-2: Fly out, F7 (Line Drive, 78D, EV 97.5 MPH)
Runner from 3rd tags up, SCORES, no throw by LF
Batting: LHB Jose Pereyra 0-0: Called Strike
0-1: Foul Ball, location: 2F
0-2: Ball
1-2: Strikes out looking
Top of the 3rd over - 1 run, 1 hit, 0 errors, 0 left on base; Great Falls 5 - Bluefield 0
BOTTOM OF THE 3RD
Bluefield Blue Jays batting - Pitching for Great Falls Voyagers : LHP Jose Herrera
Batting: RHB Jorge Cruz 0-0: Ball
1-0: Ball
2-0: Ball
3-0: Fly out, F8 (Flyball, 8LM, EV 93.1 MPH)
Batting: LHB Ron de Vos 0-0: Ball
1-0: Ball
2-0: Swinging Strike
2-1: Foul Ball, location: 2F
2-2: Foul Ball, location: 2F
2-2: Strikes out swinging
Batting: RHB Manny Elizondo 0-0: Called Strike
0-1: Ball
1-1: Swinging Strike
1-2: Strikes out looking
Bottom of the 3rd over - 0 runs, 0 hits, 0 errors, 0 left on base; Great Falls 5 - Bluefield 0
TOP OF THE 4TH
Great Falls Voyagers batting - Pitching for Bluefield Blue Jays : RHP Shalom Diender
Batting: RHB Enrique Gomez 0-0: Foul Ball, location: 2F
0-1: Fly out, F8 (Flyball, 8RD, EV 107.5 MPH)
Batting: RHB Andy Cotton 0-0: Ball
1-0: Ball
2-0: Called Strike
2-1: Ball
3-1: Base on Balls
Pitching: RHP Aaron Meiggs
Batting: RHB Russ Cornett 0-0: Ball
1-0: Ball
Pickoff Throw to First - Out! 1-3
2-0: Ball
3-0: Called Strike
3-1: Foul Ball, location: 2F
3-2: Base on Balls
Batting: SHB Rob Haney 0-0: Ball
1-0: Ball
2-0: Called Strike
2-1: Ground out 2-3 (Groundball, 2R, EV 72.5 MPH)
Top of the 4th over - 0 runs, 0 hits, 0 errors, 1 left on base; Great Falls 5 - Bluefield 0
BOTTOM OF THE 4TH
Bluefield Blue Jays batting - Pitching for Great Falls Voyagers : LHP Jose Herrera
Batting: RHB Terry Plumley 0-0: Ball
1-0: Ball
2-0: Ball
3-0: Base on Balls
Batting: LHB Nate Greening 0-0: Ball
1-0: Ball
2-0: Called Strike
2-1: Ball
3-1: Foul Ball, location: 2F
3-2: Strikes out swinging
Batting: RHB Mark Noftall 0-0: Called Strike
0-1: DOUBLE (Line Drive, 89D, EV 107.5 MPH)
Terry Plumley to third
Runner from 3rd tries for Home, SAFE, throw by CF to trailing runner, SAFE at third!
Batting: RHB Akira Kubo 0-0: Swinging Strike
0-1: Fly out, F8 (Flyball, 89M, EV 88.8 MPH)
Batting: RHB Jake Bronner 0-0: Called Strike
0-1: Swinging Strike
0-2: Ball
1-2: DOUBLE (Line Drive, 3D, EV 109.4 MPH)
Mark Noftall scores
Batting: RHB David Gamez 0-0: Called Strike
0-1: Ball
1-1: Ball
2-1: Called Strike
2-2: Foul Ball, location: 2F
2-2: Ball
3-2: Base on Balls
Batting: RHB Jorge Cruz 0-0: Swinging Strike
0-1: Ball
1-1: Foul Ball, location: 2F
1-2: Ball
2-2: SINGLE (Groundball, 5D, EV 98.8 MPH)
Jake Bronner to third
David Gamez to second
Runner from 3rd tries for Home, SAFE, throw by LF to home
Batting: LHB Ron de Vos 0-0: Ball
1-0: Reached on error, E4 (Groundball, 4, EV 83.1 MPH)
David Gamez to third
Jorge Cruz to second
Batting: RHB Manny Elizondo 0-0: Ball
Wild Pitch!
David Gamez scores
Jorge Cruz to third
Ron de Vos to second
1-0: Foul Ball, location: 2F
1-1: TRIPLE (Flyball, 89XD, EV 101.9 MPH)
Jorge Cruz scores
Ron de Vos scores
Pitching: RHP Mark Fedor
Batting: RHB Terry Plumley 0-0: Foul Ball, location: 2F
0-1: Foul Ball, location: 2F
0-2: Fly out, F9 (Flyball, 9LS, EV 91.9 MPH)
Bottom of the 4th over - 6 runs, 4 hits, 1 error, 1 left on base; Great Falls 5 - Bluefield 6
TOP OF THE 5TH
Great Falls Voyagers batting - Pitching for Bluefield Blue Jays : RHP Aaron Meiggs
Batting: RHB Mitch Cuadros 0-0: Ground out 4-3 (Groundball, 4MD, EV 98.8 MPH)
Batting: RHB Tommy Ellington 0-0: Ball
1-0: Ball
2-0: Called Strike
2-1: Swinging Strike
2-2: Ground out 6-3 (Groundball, 6, EV 91.9 MPH)
Batting: RHB Francisco Marin 0-0: Ball
1-0: Foul Ball, location: 2F
1-1: Ball
2-1: Ball
3-1: Called Strike
3-2: Foul Ball, location: 2F
3-2: Fly out, F8 (Flyball, 78D, EV 96.9 MPH)
Top of the 5th over - 0 runs, 0 hits, 0 errors, 0 left on base; Great Falls 5 - Bluefield 6
BOTTOM OF THE 5TH
Bluefield Blue Jays batting - Pitching for Great Falls Voyagers : RHP Mark Fedor
Batting: LHB Nate Greening 0-0: Swinging Strike
0-1: Foul Ball, location: 2F
0-2: Ball
1-2: Strikes out swinging, 2-3 out at first.
Batting: RHB Mark Noftall 0-0: Ball
1-0: DOUBLE (Groundball, 5L, EV 105.0 MPH)
Batting: RHB Akira Kubo 0-0: Foul Ball, location: 2F
0-1: Ball
1-1: Ball
Wild Pitch!
Mark Noftall to third
2-1: Ball
Wild Pitch!
Mark Noftall scores
3-1: Base on Balls
Batting: RHB Jake Bronner 0-0: Ball
1-0: Ball
2-0: Called Strike
2-1: Ball
3-1: SINGLE (Groundball, 4D, EV 104.4 MPH)
Akira Kubo to second
Runner from 2nd tries for 3rd, SAFE, throw by RF made to third
Batting: RHB David Gamez 0-0: Ball
1-0: Ball
2-0: Ball
3-0: Base on Balls
Jake Bronner to second
Batting: RHB Jorge Cruz 0-0: Ball
1-0: Ball
2-0: Grounds into fielders choice 3-2 (Groundball, 34, EV 82.5 MPH)
Jake Bronner to third
David Gamez to second
Batting: LHB Ron de Vos 0-0: Swinging Strike
0-1: Ball
1-1: Ball
2-1: Ground out 4-3 (Groundball, 34D, EV 108.8 MPH)
Bottom of the 5th over - 1 run, 2 hits, 0 errors, 3 left on base; Great Falls 5 - Bluefield 7
TOP OF THE 6TH
Great Falls Voyagers batting - Pitching for Bluefield Blue Jays : RHP Aaron Meiggs
Batting: RHB David Laureano 0-0: Ball
1-0: Ball
2-0: Called Strike
2-1: Fly out, F8 (Flyball, 8LM, EV 83.1 MPH)
Batting: LHB Jose Pereyra 0-0: Ground out 6-3 (Groundball, 6, EV 104.4 MPH)
Batting: RHB Enrique Gomez 0-0: Ball
1-0: Fly out, F8 (Line Drive, 8RD, EV 91.2 MPH)
Top of the 6th over - 0 runs, 0 hits, 0 errors, 0 left on base; Great Falls 5 - Bluefield 7
BOTTOM OF THE 6TH
Bluefield Blue Jays batting - Pitching for Great Falls Voyagers : RHP Mark Fedor
Batting: RHB Manny Elizondo 0-0: Called Strike
0-1: Fly out, F8 (Flyball, 89XD, EV 95.0 MPH)
Batting: RHB Terry Plumley 0-0: Swinging Strike
0-1: Ground out 5-3 (Groundball, 5, EV 102.5 MPH)
Batting: LHB Nate Greening 0-0: Ball
1-0: Swinging Strike
1-1: SINGLE (Line Drive, 89S, EV 91.9 MPH)
Batting: RHB Mark Noftall 0-0: Ball
Nate Greening steals 2nd base
1-0: Called Strike
1-1: Fly out, F8 (Line Drive, 8RD, EV 87.5 MPH)
Bottom of the 6th over - 0 runs, 1 hit, 0 errors, 1 left on base; Great Falls 5 - Bluefield 7
TOP OF THE 7TH
Great Falls Voyagers batting - Pitching for Bluefield Blue Jays : RHP Aaron Meiggs
Now at 1B: Terry Plumley
Now at 3B: Pete Duncan
Batting: RHB Andy Cotton 0-0: Ball
1-0: Ball
2-0: Ball
3-0: Called Strike
3-1: Called Strike
3-2: Foul Ball, location: 2F
3-2: Strikes out swinging
Batting: RHB Russ Cornett 0-0: Ball
1-0: Ball
2-0: Ground out 5-3 (Groundball, 56, EV 86.9 MPH)
Batting: SHB Rob Haney 0-0: Called Strike
0-1: Swinging Strike
0-2: Strikes out looking
Top of the 7th over - 0 runs, 0 hits, 0 errors, 0 left on base; Great Falls 5 - Bluefield 7
BOTTOM OF THE 7TH
Bluefield Blue Jays batting - Pitching for Great Falls Voyagers : RHP Mark Fedor
Batting: RHB Pete Duncan 0-0: Ground out 6-3 (Groundball, 6, EV 105.6 MPH)
Batting: RHB Jake Bronner 0-0: Called Strike
0-1: Called Strike
0-2: Ball
1-2: Foul Ball, location: 2F
1-2: Foul Ball, location: 2F
1-2: Ground out 5-3 (Groundball, 5, EV 80.6 MPH)
Batting: RHB David Gamez 0-0: DOUBLE (Line Drive, 89D, EV 111.2 MPH)
Pitching: LHP Yusufu Mustafa
Batting: RHB Jorge Cruz 0-0: Ball
1-0: Ball
2-0: Foul Ball, location: 2F
2-1: Ball
3-1: Base on Balls
Pinch Hitting: SHB Kevin Watson 0-0: Ball
1-0: Ball
2-0: Foul Ball, location: 2F
2-1: Ball
3-1: Swinging Strike
3-2: Strikes out swinging
Bottom of the 7th over - 0 runs, 1 hit, 0 errors, 2 left on base; Great Falls 5 - Bluefield 7
TOP OF THE 8TH
Great Falls Voyagers batting - Pitching for Bluefield Blue Jays : RHP Aaron Meiggs
Now in CF: Jake Bronner
Now in RF: Jorge Alva
Batting: RHB Mitch Cuadros 0-0: Foul Ball, location: 2F
0-1: Ball
1-1: Swinging Strike
1-2: Foul Ball, location: 2F
1-2: Strikes out looking
Batting: RHB Tommy Ellington 0-0: SOLO HOME RUN (Flyball, 7LD, EV 93.8 MPH), Distance : 349 ft
Batting: RHB Francisco Marin 0-0: Called Strike
0-1: Swinging Strike
0-2: Ball
1-2: Ball
2-2: SINGLE (Flyball, 8RS, EV 96.9 MPH)
Pitching: RHP Eric Bessire
Batting: RHB David Laureano 0-0: Ball
1-0: Grounds into double play, 4-6-3 (Groundball, 4, EV 78.1 MPH)
Top of the 8th over - 1 run, 2 hits, 0 errors, 0 left on base; Great Falls 6 - Bluefield 7
BOTTOM OF THE 8TH
Bluefield Blue Jays batting - Pitching for Great Falls Voyagers : LHP Yusufu Mustafa
Batting: RHB Manny Elizondo 0-0: Ball
1-0: Ball
2-0: Called Strike
2-1: Swinging Strike
2-2: Foul Ball, location: 2F
2-2: Foul Ball, location: 2F
2-2: Strikes out swinging
Batting: RHB Terry Plumley 0-0: Called Strike
0-1: Ball
1-1: SOLO HOME RUN (Flyball, 78XD, EV 103.1 MPH), Distance : 427 ft
Batting: LHB Nate Greening 0-0: Ball
1-0: Foul Ball, location: 2F
1-1: Called Strike
1-2: Ball
2-2: Foul Ball, location: 2F
2-2: Ball
3-2: Foul Ball, location: 2F
3-2: Strikes out swinging
Pitching: RHP Chris Myers
Batting: RHB Mark Noftall 0-0: Ball
1-0: Ground out 6-3 (Groundball, 6, EV 92.5 MPH)
Bottom of the 8th over - 1 run, 1 hit, 0 errors, 0 left on base; Great Falls 6 - Bluefield 8
TOP OF THE 9TH
Great Falls Voyagers batting - Pitching for Bluefield Blue Jays : RHP Eric Bessire
Batting: LHB Jose Pereyra 0-0: SINGLE (Groundball, 34S, EV 73.8 MPH) (infield hit)
Pinch Hitting: RHB Brad Adams Jr. 0-0: Called Strike
0-1: Ball
1-1: Foul Ball, location: 2F
1-2: Strikes out swinging
Batting: RHB Andy Cotton 0-0: Swinging Strike
0-1: Foul Ball, location: 2F
0-2: Strikes out looking
Batting: RHB Russ Cornett 0-0: Ball
1-0: Called Strike
1-1: Foul Ball, location: 2F
1-2: Foul Ball, location: 2F
1-2: Ball
2-2: Ball
3-2: Base on Balls
Jose Pereyra to second
Pinch Hitting: RHB Billy Grubbs 0-0: Foul Ball, location: 2F
0-1: Swinging Strike
0-2: Foul Ball, location: 2F
0-2: Ball
1-2: SINGLE (Groundball, 6MD, EV 102.5 MPH)
Jose Pereyra to third
Russ Cornett to second
Batting: RHB Mitch Cuadros 0-0: Foul Ball, location: 2F
0-1: Ball
1-1: DOUBLE (Line Drive, 89XD, EV 111.9 MPH)
Jose Pereyra scores
Russ Cornett scores
Billy Grubbs to third
Batting: RHB Tommy Ellington 0-0: Ball
1-0: Foul Ball, location: 2F
1-1: Foul Ball, location: 2F
1-2: Foul Ball, location: 2F
1-2: Ball
2-2: Fly out, F8 (Line Drive, 8RM, EV 93.8 MPH)
Top of the 9th over - 2 runs, 3 hits, 0 errors, 2 left on base; Great Falls 8 - Bluefield 8
BOTTOM OF THE 9TH
Bluefield Blue Jays batting - Pitching for Great Falls Voyagers : RHP Chris Myers
Now at 2B: Billy Grubbs
Now at SS: David Laureano
Now in CF: Brad Adams Jr.
Pinch Hitting: LHB Lothar Middelkoop 0-0: Ball
1-0: Foul Ball, location: 2F
1-1: Swinging Strike
1-2: SINGLE (Groundball, 56D, EV 96.9 MPH)
Batting: RHB Jake Bronner 0-0: Ball
Lothar Middelkoop steals 2nd base (no throw)
1-0: Ground out 6-3 (Groundball, 6S, EV 76.9 MPH)
Lothar Middelkoop to third
Batting: RHB David Gamez 0-0: Intentional Walk
Batting: RHB Jorge Cruz 0-0: Ball
1-0: Foul Ball, location: 2F
1-1: Called Strike
David Gamez steals 2nd base (no throw)
1-2: Foul Ball, location: 2F
1-2: Strikes out looking
Pinch Hitting: RHB John Rios 0-0: Intentional Walk
Batting: RHB Manny Elizondo 0-0: Ball
1-0: Ball
2-0: Swinging Strike
2-1: Swinging Strike
2-2: Ball
3-2: Strikes out swinging
Bottom of the 9th over - 0 runs, 1 hit, 0 errors, 3 left on base; Great Falls 8 - Bluefield 8
TOP OF THE 10TH
Great Falls Voyagers batting - Pitching for Bluefield Blue Jays : RHP Eric Bessire
Pitching: LHP William Capuano
Now at 3B: Lothar Middelkoop
Now in RF: Benedikt Fleischmann
Batting: RHB Francisco Marin 0-0: Ball
1-0: Called Strike
1-1: Swinging Strike
1-2: Foul Ball, location: 2F
1-2: Strikes out looking
Batting: RHB David Laureano 0-0: Called Strike
0-1: Called Strike
0-2: Fly out, F8 (Flyball, 8LD, EV 99.4 MPH)
Batting: LHB Jose Pereyra 0-0: Ball
1-0: Ball
2-0: Ball
3-0: Called Strike
3-1: Fly out, F6 (Popup, P, EV 86.9 MPH)
Top of the 10th over - 0 runs, 0 hits, 0 errors, 0 left on base; Great Falls 8 - Bluefield 8
BOTTOM OF THE 10TH
Bluefield Blue Jays batting - Pitching for Great Falls Voyagers : RHP Chris Myers
Pitching: RHP Toyotoshi Matsui
Batting: RHB Terry Plumley 0-0: Called Strike
0-1: Ball
1-1: Foul Ball, location: 2F
1-2: Fly out, F7 (Flyball, 7, EV 78.1 MPH)
Batting: LHB Nate Greening 0-0: Called Strike
0-1: Ball
1-1: DOUBLE (Line Drive, 9LM, EV 88.8 MPH)
Batting: RHB Mark Noftall 0-0: Swinging Strike
0-1: Called Strike
0-2: Strikes out swinging
Batting: LHB Lothar Middelkoop 0-0: Intentional Walk
Batting: RHB Jake Bronner 0-0: Ball
1-0: Ball
2-0: Called Strike
2-1: Swinging Strike
2-2: Ground out 6-3 (Groundball, 6MS, EV 76.9 MPH)
Bottom of the 10th over - 0 runs, 1 hit, 0 errors, 2 left on base; Great Falls 8 - Bluefield 8
TOP OF THE 11TH
Great Falls Voyagers batting - Pitching for Bluefield Blue Jays : LHP William Capuano
Batting: RHB Brad Adams Jr. 0-0: Called Strike
0-1: Called Strike
0-2: Foul Ball, location: 2F
0-2: Ball
1-2: Ground out 6-3 (Groundball, 6MD, EV 98.1 MPH)
Batting: RHB Andy Cotton 0-0: Ball
1-0: Swinging Strike
1-1: Called Strike
1-2: Strikes out swinging
Batting: RHB Russ Cornett 0-0: Called Strike
0-1: Called Strike
0-2: Ball
1-2: Ball
2-2: Foul Ball, location: 2F
2-2: Ball
3-2: Ground out 6-3 (Groundball, 6, EV 88.1 MPH)
Top of the 11th over - 0 runs, 0 hits, 0 errors, 0 left on base; Great Falls 8 - Bluefield 8
BOTTOM OF THE 11TH
Bluefield Blue Jays batting - Pitching for Great Falls Voyagers : RHP Toyotoshi Matsui
Batting: RHB David Gamez 0-0: Ball
1-0: Ground out 4-3 (Groundball, 4M, EV 90.6 MPH)
Batting: RHB Jorge Cruz 0-0: Ball
1-0: SINGLE (Groundball, 4MD, EV 103.8 MPH) (infield hit)
Pinch Hitting: RHB Mike Chamberlain Pickoff Throw to First - Out! 1-3
0-0: Ball
1-0: Swinging Strike
1-1: Ball
2-1: Ground out 3-1 (Groundball, 34, EV 86.9 MPH)
Bottom of the 11th over - 0 runs, 1 hit, 0 errors, 0 left on base; Great Falls 8 - Bluefield 8
TOP OF THE 12TH
Great Falls Voyagers batting - Pitching for Bluefield Blue Jays : LHP William Capuano
Now in RF: Mike Chamberlain
Batting: RHB Billy Grubbs 0-0: Ball
1-0: Ball
2-0: Ball
3-0: Base on Balls
Batting: RHB Mitch Cuadros 0-0: Ball
Billy Grubbs is caught stealing 2nd base 2-4
1-0: Ball
2-0: Called Strike
2-1: SINGLE (Groundball, 56D, EV 99.4 MPH)
Pitching: RHP Gu Won
Batting: RHB Tommy Ellington 0-0: Ball
1-0: Ball
Pickoff Throw to First - Out! 1-3 CS
2-0: Called Strike
2-1: Foul Ball, location: 2F
2-2: Foul Ball, location: 2F
2-2: Strikes out swinging
Top of the 12th over - 0 runs, 1 hit, 0 errors, 0 left on base; Great Falls 8 - Bluefield 8
BOTTOM OF THE 12TH
Bluefield Blue Jays batting - Pitching for Great Falls Voyagers : RHP Toyotoshi Matsui
Batting: RHB Manny Elizondo 0-0: Ball
1-0: Ball
2-0: Ground out U3 (Groundball, 3, EV 83.8 MPH)
Batting: RHB Terry Plumley 0-0: Ball
1-0: Hit by Pitch
Batting: LHB Nate Greening 0-0: Called Strike
0-1: Ball
1-1: Foul Ball, location: 2F
1-2: Fielders Choice at 2nd, 6-4 (Groundball, 6, EV 86.9 MPH)
Batting: RHB Mark Noftall 0-0: Ball
Nate Greening steals 2nd base
1-0: Ball
2-0: Called Strike
2-1: Swinging Strike
2-2: Ball
3-2: Foul Ball, location: 2F
3-2: Base on Balls
Pitching: LHP Rodolfo Valencia
Batting: LHB Lothar Middelkoop 0-0: Called Strike
0-1: Ball
1-1: Hit by Pitch
Nate Greening to third
Mark Noftall to second
Pitching: LHP Miguel Moreno
Batting: RHB Jake Bronner 0-0: Ball
1-0: Ball
2-0: Ball
3-0: Base on Balls
Nate Greening scores
Mark Noftall to third
Lothar Middelkoop to second
Bottom of the 12th over - 1 run, 0 hits, 0 errors, 3 left on base; Great Falls 8 - Bluefield 9
Tuesday, March 28th , 2023 - OOTP Baseball 23.10 Build 110